Map: Jagannatha LE

Players

Astrea - Winner!

  • Race: Protoss Protoss

TriGGeR

  • Race: Protoss Protoss

Event: DreamHack SC2 Masters 2021 Winter

VOD

Have the link to the VOD?

Description

Time

  • Played on: Oct. 5, 2021, 5:31 p.m.
  • Length: 9:19

All games in this series

Show
View Real Time Build Order
Export as new Build Order

Astrea Protoss - Winner!

Build Orders: Phoenix Opening, Blink Stalkers 

Get SALT Encoding   

  12  0:00  Probe  
  13  0:12  Probe  
  14  0:17  Pylon  
  14  0:24  Probe (Chrono Boost)  
  16  0:36  Gateway, Probe (Chrono Boost)  
  16  0:43  Probe (Chrono Boost)  
  16  0:45  Assimilator  
  17  0:51  Probe  
  17  0:54  Assimilator  
  18  1:03  Probe (Chrono Boost)  
  19  1:07  Gateway  
  20  1:12  Probe (Chrono Boost)  
  20  1:17  Probe (Chrono Boost)  
  20  1:24  Cybernetics Core  
  21  1:29  Probe  
  22  1:35  Pylon  
  22  1:41  Probe  
  23  1:53  Probe  
  24  2:00  Adept x2  
  24  2:01  Warp Gate  
  29  2:12  Pylon  
  28  2:31  Sentry x2  
  32  2:40  Nexus  
  32  2:45  Probe (Chrono Boost)  
  33  2:57  Probe (Chrono Boost), Sentry  
  36  2:59  Twilight Council  
  36  3:03  Probe (Chrono Boost)  
  37  3:10  Pylon  
  37  3:13  Probe (Chrono Boost)  
  38  3:24  Probe (Chrono Boost)  
  39  3:29  Probe (Chrono Boost)  
  40  3:37  Blink (Chrono Boost)  
  40  3:39  Probe  
  41  3:46  Phoenix  
  41  3:51  Probe  
  41  3:52  Probe  
  41  3:56  Stalker  
  41  4:02  Stalker  
  43  4:03  Probe  
  43  4:04  Probe  
  43  4:08  Shield Battery  
  45  4:16  Probe x2  
  47  4:19  Stalker  
  49  4:25  Stalker  
  49  4:28  Probe x2  
  52  4:40  Probe x2  
  52  4:42  Stalker  
  52  4:45  Nexus  
  56  4:48  Pylon  
  56  4:52  Stalker  
  58  4:54  Probe  
  59  5:00  Probe  
  60  5:07  Stalker  
  60  5:09  Robotics Facility  
  60  5:11  Probe  
  60  5:13  Assimilator  
  63  5:15  Stalker  
  63  5:18  Probe  
  66  5:25  Probe  
  63  5:33  Probe  
  62  5:36  Stalker  
  62  5:38  Probe  
  62  5:40  Stalker, Pylon  
  67  5:45  Gateway  
  68  5:50  Shield Battery  
  68  5:51  Pylon  
  68  5:54  Shield Battery  
  68  5:55  Immortal (Chrono Boost), Pylon  
  69  6:02  Stalker  
  73  6:05  Stalker  
  73  6:10  Probe x3  
  78  6:23  Probe x3  
  78  6:24  Warp Prism (Chrono Boost)  
  83  6:35  Probe x2  
  83  6:36  Stalker x2, Phoenix  
  83  6:37  Probe  
  90  6:45  Pylon  
  90  6:47  Probe x2  
  90  6:48  Observer (Chrono Boost)  
  90  6:52  Stalker, Charge  
  95  6:55  Forge  
  95  6:56  Probe, Pylon  
  95  6:59  Probe  
  97  7:03  Observer (Chrono Boost)  
  97  7:05  Stalker x2  
  100  7:13  Probe x2  
  100  7:18  Probe  
  100  7:20  Stalker  
  100  7:21  Immortal (Chrono Boost)  
  105  7:25  Probe  
  106  7:30  Stalker x2, Assimilator  
  106  7:32  Pylon  
  110  7:43  Stalker  
  112  7:45  Shield Battery  
  108  7:53  Probe x3  
  110  7:59  Stalker x2  
  110  8:03  Gateway  
  110  8:04  Gateway  
  110  8:05  Gateway  
  114  8:06  Gateway  
  114  8:08  Photon Cannon, Gateway  
  114  8:11  Stalker  
  116  8:19  Pylon  
  116  8:23  Nexus  
  116  8:28  Pylon  
  115  8:35  Stalker x3  
  121  8:47  Probe  
  118  8:49  Probe x2  
  117  9:00  Stalker x6, Probe  
  117  9:01  Probe x2  
  120  9:15  Stalker x2  
Show
View Real Time Build Order
Export as new Build Order

TriGGeR Protoss 

Build Orders: 1 Gate Expand, Oracle Opening 

Get SALT Encoding   

  12  0:00  Probe  
  13  0:12  Probe  
  14  0:20  Pylon  
  14  0:24  Probe  
  15  0:38  Probe (Chrono Boost)  
  15  0:40  Gateway  
  16  0:47  Assimilator, Probe (Chrono Boost)  
  17  0:52  Probe  
  18  1:04  Probe  
  19  1:17  Probe  
  20  1:23  Nexus  
  20  1:29  Probe  
  21  1:36  Cybernetics Core  
  21  1:42  Assimilator  
  21  1:44  Probe  
  22  1:51  Pylon  
  22  1:56  Probe  
  23  2:09  Probe  
  23  2:10  Gateway  
  23  2:13  Warp Gate (Chrono Boost)  
  24  2:17  Stalker (Chrono Boost)  
  26  2:23  Probe  
  27  2:31  Pylon  
  27  2:38  Stargate  
  26  2:47  Shield Battery  
  26  2:52  Stalker  
  28  2:59  Shield Battery  
  29  3:05  Probe (Chrono Boost)  
  29  3:09  Probe (Chrono Boost)  
  30  3:15  Probe (Chrono Boost)  
  30  3:18  Probe (Chrono Boost)  
  32  3:21  Probe  
  32  3:22  Oracle (Chrono Boost), Shield Battery  
  36  3:29  Shield Battery  
  36  3:30  Probe  
  37  3:36  Shield Battery  
  37  3:41  Probe  
  33  3:56  Probe x2 (Chrono Boost)  
  34  4:04  Stalker  
  34  4:05  Stalker  
  34  4:08  Probe (Chrono Boost)  
  40  4:11  Probe (Chrono Boost)  
  40  4:16  Probe (Chrono Boost)  
  41  4:19  Probe (Chrono Boost)  
  41  4:22  Twilight Council  
  43  4:24  Assimilator  
  43  4:26  Probe (Chrono Boost)  
  43  4:27  Probe (Chrono Boost)  
  44  4:35  Probe  
  44  4:36  Stalker  
  44  4:37  Stalker  
  49  4:41  Probe  
  50  4:47  Probe (Chrono Boost)  
  51  4:53  Pylon  
  51  4:54  Blink (Chrono Boost)  
  51  4:59  Probe (Chrono Boost)  
  53  5:01  Probe (Chrono Boost)  
  53  5:07  Pylon  
  53  5:08  Probe (Chrono Boost)  
  54  5:16  Gateway  
  54  5:17  Stalker x2  
  54  5:19  Probe  
  59  5:26  Probe  
  56  5:31  Probe  
  55  5:40  Dark Shrine  
  55  5:47  Stalker  
  55  5:49  Nexus  
  57  5:52  Stalker  
  57  5:55  Pylon  
  59  5:59  Probe x2  
  61  6:11  Stalker x2  
  65  6:15  Stalker  
  65  6:17  Probe  
  69  6:18  Probe  
  69  6:22  Pylon  
  69  6:24  Forge  
  69  6:29  Probe  
  70  6:37  Probe  
  71  6:43  Probe  
  71  6:45  Gateway  
  71  6:47  Protoss Ground Weapons Level 1  
  72  6:52  Dark Templar x2  
  76  6:55  Stalker  
  76  6:59  Probe (Chrono Boost)  
  76  7:00  Gateway  
  79  7:03  Gateway, Probe (Chrono Boost)  
  79  7:07  Probe (Chrono Boost)  
  82  7:12  Probe (Chrono Boost)  
  82  7:13  Probe (Chrono Boost)  
  79  7:20  Probe x2 (Chrono Boost)  
  81  7:24  Dark Templar  
  81  7:27  Stalker x2  
  88  7:30  Probe (Chrono Boost)  
  88  7:31  Pylon  
  88  7:34  Gateway  
  86  7:37  Gateway  
  84  7:45  Dark Templar  
  84  7:46  Shield Battery  
  86  7:52  Shield Battery  
  86  7:57  Dark Templar  
  86  8:02  Zealot x3  
  92  8:06  Nexus  
  92  8:09  Probe, Pylon  
  92  8:10  Probe x2  
  92  8:11  Assimilator  
  95  8:20  Robotics Facility  
  95  8:22  Zealot, Probe  
  98  8:29  Probe x2  
  98  8:33  Zealot  
  98  8:34  Zealot x2  
  106  8:37  Zealot  
  102  8:48  Pylon  
  96  8:50  Zealot x2, Pylon  
  96  8:51  Zealot, Pylon  
  91  8:58  Zealot x4  
  87  9:13  Zealot x3  

Tags
 
Add a new tag
Caveats
  • Supply blocks, unpowered buildings, or Contaminate may cause inaccurate times.
  • Supply counts are checked every 10 seconds.